 Dungeon Crawl Stone Soup version 0.30.0-11-gf55b779eaf (webtiles) character file.

Game seed: 11194262018184299383

40 Sobieck the Poker (level 3, 0/34 HPs)
             Began as a Naga Fighter on May 16, 2023.
             Slain by a kobold
             ... wielding a +0 club
              (3 damage)
             ... on level 2 of the Dungeon.
             The game lasted 00:02:12 (1047 turns).

Sobieck the Poker (Naga Fighter)                    Turns: 1047, Time: 00:02:13

Health: 0/34       AC:  5    Str: 26    XL:     3   Next: 50%
Magic:  3/3        EV:  7    Int:  8    God:
Gold:   44         SH:  4    Dex: 10    Spells: 2/2 levels left

rFire   . . .        a - +0 trident {polearm}
rCold   . . .        c - +0 buckler
rNeg    . . .        b - +0 scale mail
rPois   +            (no helmet)
rElec   .            (no cloak)
rCorr   .            p - +0 pair of gloves
SInv    +            (no barding)
Will    .....        m - amulet of magic regeneration {@e2} Stlth
                     n - +6 ring of strength
HPRegen 0.25/turn    (no ring)
MPRegen 0.48/turn

%: no passive effects
@: lethally poisoned (0 -> -2), very slow
A: AC +1, large, see invisible, deformed body, poison resistance, slowness 2,
spit poison 1, naga tail 1
a: Spit Poison


You were on level 2 of the Dungeon.
You visited 1 branch of the dungeon, and saw 2 of its levels.

You collected 66 gold pieces.
You spent 22 gold pieces at shops.


Innate Abilities, Weirdness & Mutations

Your serpentine skin is tough. (AC +1)
You have supernaturally acute eyesight. (SInv)
Armour fits poorly on your strangely shaped body.
Your system is resistant to poisons. (rPois)
You cover ground very slowly.
You can spit poison.
You have a snake-like lower body.


   Skills:
 - Level 3.0 Fighting
 + Level 3.8 Polearms
 - Level 2.4 Armour
 - Level 2.6 Shields


You had 2 spell levels left.
You didn't know any spells.
Your spell library contained the following spells:

 Spells                   Type           Power      Damage    Failure   Level
 Vhi's Electric Charge    Tloc/Air       0%         N/A       98%         3
 Arcjolt                  Conj/Air       0%         1d10      100%        5
 Plasma Beam              Fire/Air       0%         2x1d11    100%        6

Inventory:

Hand Weapons
 a - a +0 trident (weapon) {polearm}
Missiles
 g - 9 stones {throwing}
Armour
 b - a +0 scale mail (worn)
 c - a +0 buckler (worn)
 e - a +0 cloak
   (You found it on level 1 of the Dungeon)
 k - a +0 ring mail
   (You found it on level 1 of the Dungeon)
 l - a +0 leather armour
   (You found it on level 1 of the Dungeon)
 p - a +0 pair of gloves (worn)
   (You found it on level 2 of the Dungeon)
 s - a +2 robe of positive energy
   (You found it on level 2 of the Dungeon)
Jewellery
 m - an amulet of magic regeneration (around neck) {@e2}
   (You found it on level 1 of the Dungeon)
 n - a +6 ring of strength (left hand)
   (You found it on level 1 of the Dungeon)
 o - a ring of see invisible
   (You found it on level 2 of the Dungeon)
Scrolls
 f - a scroll of fog
 j - a scroll of amnesia {unknown}
 q - a scroll of blinking {unknown}
Potions
 d - a potion of might
 h - 2 potions of mutation {unknown}
 i - a potion of attraction {!q}
 r - a potion of flight {unknown}

Dungeon Overview and Level Annotations

Branches:
Dungeon (2/15) Zot: 10638

Altars:
Gozag
Zin

Shops:
D:1

? #.# #.#
#.#############
..##......##..
####.# #.##.#
.....####.##.####
####.##.........#
#
#....#.##.##.##.#
#.####.##.†.K@..#
#).....####rK####
##########..r##
######.....#
#........#.#
...[.#.###..#
...###).[##.# ..
:......# .
#.._..#..#


You could see 2 kobolds and 2 rats.


Message History

The splash of poison hits the worm.
The worm is poisoned.
You reach to attack!
You hit the worm. You barely miss the worm. You puncture the worm!
You have got your breath back.
The worm barely misses you.
You puncture the worm!
You kill the worm!
You have reached level 3!
Your experience leads to an increase in your attributes!
Your base attributes are Str 18, Int 8, Dex 10.
Increase (S)trength, (I)ntelligence, or (D)exterity?
You feel stronger. x2; Your skin feels tougher.
An adder comes into view.
The adder hisses angrily.
You hear a shout!
Danger!
A hobgoblin comes into view.
The hobgoblin shouts!
You reach to attack!
You miss the adder. You puncture the adder! The adder barely misses you.
The adder bites you.
You barely miss the adder. The adder bites you but does no damage.
You puncture the adder!
You kill the adder!
You puncture the hobgoblin!
You kill the hobgoblin!
You now have enough gold to buy a scroll of fear on D:1, buy a scroll of fog on D:1, or buy a scroll of poison on D:1.
You can access your shopping list by pressing '$'.
You now have 44 gold pieces (gained 13).
q - a scroll labelled HAYLIO FIUS Unknown command.
r - a fuming sapphire potion
s - a +2 robe of positive energy Unknown command.
A bat comes into view.
Danger!
You reach to attack!
You puncture the bat!
You kill the bat!
No target in view!
No target in view!
No target in view!
A ball python comes into view.
The ball python hisses angrily.
Danger!
You reach to attack!
You hit the ball python.
You kill the ball python!
A hobgoblin comes into view.
Found a stone staircase leading up.
You reach to attack!
You hit the hobgoblin but do no damage.
Unknown command.
You hit the hobgoblin. The hobgoblin hits you.
You barely miss the hobgoblin. The hobgoblin hits you.
The hobgoblin hits you but does no damage.
You hit the hobgoblin.
You kill the hobgoblin!
No target in view!
No target in view!
Things that are here:
a hobgoblin corpse; a ball python corpse A goblin, a rat and a kobold come into view.
The kobold is wielding a +1 dagger of venom.
The kobold shouts!
You hear a shout!
Danger!
A rat comes into view.
Found a leather armour and 10 gold pieces.
Found a glowing silver altar of Zin.
The goblin hits you but does no damage.
You puncture the goblin!
You kill the goblin!
You miss the kobold. The kobold hits you but does no damage.
A kobold comes into view. It is wielding a +0 club.
You miss the kobold. The kobold hits you but does no damage.
The rat barely misses you.
You closely miss the kobold.
The kobold hits you with a +1 dagger of venom.
The rat bites you but does no damage.
You closely miss the kobold. The kobold hits you but does no damage.
You are poisoned.
The rat bites you. The kobold hits you but does no damage.
You are more poisoned.
The rat barely misses you. The kobold hits you with a +0 club.
You feel very sick.
You feel very sick. The kobold hits you but does no damage.
You feel very sick.
The kobold hits you with a +1 dagger of venom.
* * * LOW HITPOINT WARNING * * *
The kobold hits you but does no damage.
You feel sick. The kobold attacks as you move away!
The kobold hits you but does no damage.
You feel sick.
The kobold hits you with a +1 dagger of venom.
* * * LOW HITPOINT WARNING * * *
You block the kobold's attack.
Unknown command.
You feel sick. The kobold barely misses you.
There is a stone staircase leading up here.
Unknown command.
Unknown command.
You feel sick. The kobold hits you but does no damage.
The kobold hits you with a +0 club.
You die...

Skill      XL: |  1  2 |
---------------+-------+-----
Polearms       | 3 |  3.8
Fighting       | |  3.0
Armour         | |  2.4
Shields        | |  2.6

Action                     || total
---------------------------++-------
  Melee: Trident           ||   118
Ability: Spit Poison       ||     8
    Use: Scroll            ||     2
 Armour: Scale mail        ||    46
  Dodge: Dodged            ||    45
  Block: Buckler           ||    18

Levels and vault maps discovered:
D:1:      lemuel_arrival_muddy, layout_rooms, serial_shops,
          nicolae_diamond_shop, minmay_lizard_pond
D:2:      layout_loops_cross, basic_altar, minmay_hexomino_r4

Notes
Turn   | Place    | Note
-------+----------+-------------------------------------------
     0 | D:1      | Sobieck the Naga Fighter began the quest for the Orb.
     0 | D:1      | Reached XP level 1. HP: 21/21 MP: 1/1
    15 | D:1      | You pick up a book of Lightning and begin reading...
    15 | D:1      | You add the spells Vhi's Electric Charge, Arcjolt and
                  | Plasma Beam to your library.
   112 | D:1      | Reached XP level 2. HP: 24/28 MP: 2/2
   380 | D:1      | Reached skill level 3 in Polearms
   420 | D:1      | Found Wiucey's Magic Scroll Shoppe.
   424 | D:1      | Bought a scroll of identify for 22 gold pieces
   756 | D:2      | Found an opulent altar of Gozag.
   828 | D:2      | Reached XP level 3. HP: 34/34 MP: 3/3
  1035 | D:2      | Found a glowing silver altar of Zin.
  1044 | D:2      | HP: 8/34 [poisoned by a kobold]
  1047 | D:2      | HP: 3/34 [poisoned by a kobold]
  1047 | D:2      | Slain by a kobold

Vanquished Creatures
  An adder (D:2)
  A worm (D:2)
  2 ball pythons
  2 bats
  2 endoplasms (D:1)
  3 hobgoblins
  2 quokkas (D:1)
  16 frilled lizards
  A goblin (D:2)
  A kobold (D:1)
  2 rats (D:1)
33 creatures vanquished.

Table legend:
 A = Non-vault XP
 B = Vault XP
 C = Vault XP percentage of total XP
 D = Non-vault monster count
 E = Vault monster count
 F = Vault count percentage of total count
                 A         B        C        D         E       F
            +---------+---------+-------+---------+---------+-------
      Total |      45 |      13 |  22.4 |      21 |      12 |  36.4
            +---------+---------+-------+---------+---------+-------
        D:1 |      20 |      10 |  33.3 |      13 |      10 |  43.5
        D:2 |      25 |       3 |  10.7 |       8 |       2 |  20.0
            +---------+---------+-------+---------+---------+-------

Skill      XL: |  1  2 |
---------------+-------+-----
Polearms       | 3 |  3.8
Fighting       | |  3.0
Armour         | |  2.4
Shields        | |  2.6

Action                     || total
---------------------------++-------
  Melee: Trident           ||   118
Ability: Spit Poison       ||     8
    Use: Scroll            ||     2
 Armour: Scale mail        ||    46
  Dodge: Dodged            ||    45
  Block: Buckler           ||    18

Illustrated notes

Table legend:
 A = Kills in this place as a percentage of kills in the entire game.
 B = Kills by you in this place as a percentage of kills by you in the entire game.
 C = Kills by friends in this place as a percentage of kills by friends in the entire game.
 D = Other kills in this place as a percentage of other kills in the entire game.
 E = Experience gained in this place as a percentage of experience gained in the entire game.
 F = Experience gained in this place divided by the number of levels of this place that you have seen.
                   A       B       C       D       E      F
               +-------+-------+-------+-------+-------+----------------------
         Total | 100.0 | 100.0 |   N/A |   N/A | 100.0 |  29.0
       Dungeon | 100.0 | 100.0 |   N/A |   N/A | 100.0 |  29.0
               +-------+-------+-------+-------+-------+----------------------

Table legend: (Time is in decaauts)
 A = Elapsed time spent in this place.
 B = Non-inter-level travel time spent in this place.
 C = Inter-level travel time spent in this place.
 D = Time resting spent in this place.
 E = Time spent auto-exploring this place.
 F = Levels seen in this place.
 G = Mean time per level.
                   A        B        C        D        E       F      G
               +--------+--------+--------+--------+--------+-----+--------+
         Total |   1361 |   1323 |     38 |      0 |   1062 |   2 |  680.5 |
       Dungeon |   1361 |   1323 |     38 |      0 |   1062 |   2 |  680.5 |
               +--------+--------+--------+--------+--------+-----+--------+

Top non-repeatable levels by time:
     D:1: 985 daAuts
     D:2: 375 daAuts
